AoeStats
← Maty

Black Forest

510248602Analyzed
4v4 RM · 2d ago on Sep 30, 2026· 46m 34s· 8 players
Game mode
Random Map
Map size
Large (8 player)
Population
200
Speed
Normal
Resources
Standard
Victory
Conquest
Starting age
Dark Age
Ending age
Imperial Age
RankedLock teamsTeams togetherTeam positionsShared explorationLock speedFull tech treeHidden civsTurbo modeCheats
Victory
Defeat
🇪🇨 Danes · Ecuador
1466
+13
🇦🇺 Khmer · Australia
1463
+13
🇦🇺 Chinese · Australia
1429
+15
🇻🇳 Bulgarians · Vietnam
1409
+15
🇧🇷 Persians · Brazil
1441
-15
🇧🇷 Varangians · Brazil
1428
-15
🇧🇷 Maya · Brazil
1418
-15
🇧🇷 Jurchens · Brazil
1310
-11
gifted
0:34 Loom
10:19 Feudal Age
15:06 Castle Age
13:01 Double-Bit Axe
13:11 Horse Collar
23:06 Wheelbarrow
26:07 Gold Mining
28:32 Hand Cart
31:05 Imperial Age
29:50 Fletching
30:00 Padded Archer Armor
30:23 Ballistics
30:29 Bow Saw
30:49 Bodkin Arrow
31:10 Leather Archer Armor
31:50 Bracer
32:21 Ring Archer Armor
33:52 Gold Shaft Mining
33:07 Stone Mining
34:49 Elite Chu Ko Nu
36:04 Rocketry
37:38 Chemistry
40:46 Thumb Ring
47:31 Two-Man Saw
46:52 Caravan
Droopy
12:39 Feudal Age
15:42 Castle Age
15:07 Bloodlines
14:52 Gold Mining
15:49 Horse Collar
18:37 Double-Bit Axe
22:13 Loom
24:24 Heavy Plow
26:09 Bow Saw
27:03 Wheelbarrow
26:49 Stone Mining
29:03 Husbandry
29:22 Hand Cart
33:06 Imperial Age
31:20 Scale Barding Armor
31:26 Forging
32:23 Chain Barding Armor
32:06 Tusk Swords
33:18 Gold Shaft Mining
33:48 Elite Battle Elephant
36:36 Crop Rotation
37:38 Plate Barding Armor
39:59 Iron Casting
41:24 Conscription
41:26 Caravan
41:15 Light Cavalry
46:23 Blast Furnace
Maty
10:24 Feudal Age
11:13 Double-Bit Axe
11:41 Horse Collar
14:09 Castle Age
17:23 Bow Saw
19:12 Wheelbarrow
21:11 Hand Cart
25:04 Loom
25:10 Gold Mining
25:11 Stone Mining
25:23 Heavy Plow
25:35 Masonry
25:46 Ballistics
26:47 Gold Shaft Mining
29:40 Imperial Age
27:41 Town Watch
28:35 Stone Shaft Mining
28:02 Scale Mail Armor
28:13 Forging
29:10 Town Patrol
29:06 Hamask
30:37 Iron Casting
30:18 Chain Mail Armor
31:05 Conscription
32:47 Chemistry
31:14 Onager
32:16 Pikeman
32:57 Squires
32:42 Gambesons
32:27 Northmen's Fury
33:37 Halberdier
33:41 Siege Onager
35:34 Plate Mail Armor
37:18 Siege Engineers
40:17 Blast Furnace
39:08 Fletching
39:43 Capped Ram
41:01 Caravan
41:32 Coinage
45:03 Banking
nguyenducminhhieu
2:25 Loom
10:29 Feudal Age
11:55 Wheelbarrow
11:23 Arson
11:41 Double-Bit Axe
12:19 Scale Mail Armor
13:15 Forging
14:27 Horse Collar
21:23 Castle Age
22:22 Hand Cart
22:09 Heavy Plow
22:21 Bow Saw
25:53 Stone Mining
26:30 Gold Mining
31:56 Gold Shaft Mining
34:05 Imperial Age
34:43 Iron Casting
34:14 Scale Barding Armor
34:27 Caravan
35:18 Crop Rotation
35:56 Blast Furnace
34:19 Elite Konnik
34:56 Stirrups
35:11 Pikeman
36:32 Chain Barding Armor
37:36 Plate Barding Armor
37:05 Husbandry
37:15 Bloodlines
38:11 Squires
40:27 Halberdier
41:26 Chain Mail Armor
42:45 Plate Mail Armor
44:33 Coinage
46:20 Banking
AeroSpeed
12:15 Feudal Age
15:52 Castle Age
13:44 Double-Bit Axe
13:41 Horse Collar
18:31 Wheelbarrow
19:16 Loom
23:58 Hand Cart
26:09 Bow Saw
26:36 Heavy Plow
26:28 Gold Mining
26:29 Stone Mining
28:09 Gold Shaft Mining
28:02 Caravan
28:04 Town Watch
29:11 Stone Shaft Mining
29:44 Scale Barding Armor
29:50 Forging
32:25 Imperial Age
30:58 Chain Barding Armor
31:08 Devotion
31:46 Husbandry
31:57 Bloodlines
32:24 Iron Casting
33:23 Plate Barding Armor
32:15 Elite War Elephant
33:16 Conscription
34:43 Blast Furnace
34:37 Hoardings
35:12 Two-Man Saw
36:36 Crop Rotation
36:34 Faith
43:02 Fletching
43:48 Masonry
44:06 Light Cavalry
45:07 Bodkin Arrow
TIRA-ONDA
0:26 Loom
13:11 Feudal Age
14:50 Town Watch
18:10 Castle Age
16:47 Double-Bit Axe
17:06 Horse Collar
19:05 Bow Saw
18:57 Heavy Plow
29:12 Wheelbarrow
30:36 Hand Cart
35:07 Imperial Age
33:28 Caravan
34:17 Fortified Wall
33:50 Treadmill Crane
34:22 Masonry
33:53 Treadmill Crane
35:12 Fletching
36:50 Two-Man Saw
36:21 Crop Rotation
36:18 Conscription
35:30 Elite Skirmisher
36:16 Thumb Ring
36:07 Bodkin Arrow
36:12 Padded Archer Armor
37:39 Bracer
40:50 Leather Archer Armor
41:45 Squires
41:05 Pikeman
41:48 Scale Mail Armor
41:58 Forging
46:00 Guilds
Tesla_G
0:27 Loom
12:29 Feudal Age
16:23 Double-Bit Axe
21:01 Castle Age
18:46 Horse Collar
23:01 Bow Saw
26:11 Wheelbarrow
25:38 Gold Mining
26:08 Heavy Plow
32:35 Hand Cart
32:51 Padded Archer Armor
36:10 Imperial Age
35:12 Gold Shaft Mining
36:25 Leather Archer Armor
38:29 Chemistry
37:35 Siege Engineers
39:36 Conscription
42:11 Bloodlines
42:01 Husbandry
41:23 Light Cavalry
42:32 Fletching
AXEL2904
7:29 Loom
11:44 Feudal Age
13:09 Double-Bit Axe
15:34 Castle Age
14:20 Horse Collar
16:42 Bow Saw
16:43 Heavy Plow
18:13 Wheelbarrow
21:27 Town Watch
21:47 Gold Mining
25:02 Hand Cart
25:02 Stone Mining
26:24 Stone Shaft Mining
26:46 Scale Mail Armor
32:19 Imperial Age
30:29 Forging
30:34 Chain Mail Armor
30:11 Gambesons
30:26 Squires
30:19 Treadmill Crane
31:49 Iron Casting
31:26 Arson
32:27 Capped Ram
34:09 Chemistry
33:30 Ballistics
33:32 Conscription
32:51 Gothikon
34:40 Two-Man Saw
35:01 Crop Rotation
34:06 Siege Ram
35:41 Plate Mail Armor
36:20 Blast Furnace
34:53 Pikeman
35:27 Halberdier
37:37 Elite Varangian Guard
41:02 Caravan
44:41 Onager
46:11 Siege Engineers
Connection lost

Rejoining the realm…

Still unreachable

The connection could not be restored.

Session expired

The server has moved on; the page needs a fresh start.